[Event "SVK ECo-C Extraliga 2018-19"]
[Site "Slovakia"]
[Date "2018.11.10"]
[Round "1"]
[White "Kukel, Imre"]
[Black "Takacs, Laszlo"]
[Result "0-1"]
[ECO "B90"]
[WhiteElo "2295"]
[BlackElo "2275"]
[Annotator "NA"]
[PlyCount "80"]
[EventDate "2018.11.10"]
[EventType "team-tourn"]
[EventCountry "SVK"]
[SourceTitle "playchess.com"]
[Source "ChessBase"]
[SourceQuality "1"]
[WhiteTeam "Komarno"]
[BlackTeam "Streda"]
[TimeControl "40/5400+30:1800+30"]

1. e4 c5 2. Nf3 d6 3. d4 cxd4 4. Nxd4 Nf6 5. Nc3 {[%emt 0:00:03] LiveBook: 99800 Partien} a6 6. Be3 e6 7. g4 e5 8. Nf5 g6 9. g5 gxf5 {[%emt 0:00:14] B81: Sizilianisch (Keres-Angriff)} 10. exf5 d5 11. Qd3 $146 ({Vorgänger:} 11. gxf6 $11 d4 12. Bxd4 (12. Bc4 Qc7 13. Qd3 dxe3 14. O-O-O {½-½ (14) Christiansen,J (2506)-Paravyan,D (2638) Pardubice 2018}) 12... Qxd4 13. Qxd4 exd4 14. Nd5) 11... d4 12. O-O-O Qb6 (12... Nd5 $17 13. Bxd4 Qxg5+ 14. Be3 Nxe3) 13. Na4 $2 (13. gxf6 $11 dxe3 14. fxe3) 13... Qb4 14. b3 (14. Bxd4 $17 exd4 15. gxf6) 14... Nfd7 (14... Bd7 $19 {and Black stays clearly on top.} 15. gxf6 Bxa4 16. Bxd4 Qxd4 17. Qxd4 exd4 18. Re1+ Kd8 19. bxa4 Nd7) 15. Bg2 $2 (15. c3 $17 Qa3+ 16. Kb1) 15... dxe3 16. Rhe1 Qd4 17. Qxd4 exd4 18. Rxd4 Nc6 19. Rxe3+ Kd8 20. Rde4 Ba3+ 21. Kb1 Nc5 22. Rc4 Nxa4 23. Rxa4 Bd6 24. Rd3 Kc7 25. Rd5 Re8 26. Rh4 Ba3 27. c3 Re1+ 28. Kc2 Ne7 29. Ra5 Bc1 $19 30. Be4 Bxg5 31. Rg4 Bf6 32. Kd2 Rxe4 33. Rxe4 b6 34. Raa4 b5 35. Ra3 Bxf5 36. Re1 Rd8+ 37. Ke3 Nd5+ 38. Kf3 Bxc3 39. Rc1 Kb6 40. b4 Bb2 0-1

[Event "SVK ECo-C Extraliga 2018-19"]
[Site "Slovakia"]
[Date "2018.11.10"]
[Round "1"]
[White "Petran, Peter"]
[Black "Vymazal, Bronislav"]
[Result "1/2-1/2"]
[ECO "A00"]
[WhiteElo "2256"]
[BlackElo "2343"]
[Annotator "NA"]
[PlyCount "124"]
[EventDate "2018.11.10"]
[EventType "team-tourn"]
[EventCountry "SVK"]
[SourceTitle "playchess.com"]
[Source "ChessBase"]
[SourceQuality "1"]
[WhiteTeam "Slovan"]
[BlackTeam "Podhajska"]
[TimeControl "40/5400+30:1800+30"]

1. g3 {[%emt 0:00:00] Horn,Pe} d5 2. Bg2 e5 3. c4 d4 4. d3 c5 5. Nf3 Nc6 6. O-O Bd6 7. e3 Nge7 8. exd4 cxd4 9. a3 {[%emt 0:03:07] A09: Réti Opening: 1 Nf3 d5 2 c4} a5 10. Nbd2 O-O 11. Re1 Ng6 (11... h6 12. Rb1 Rb8 13. Qa4 Bd7 14. Ne4 Bc7 15. Nc5 Be8 16. Qc2 Qc8 {1-0 (96) Mamedov,R (2679)-Shulman,Y (2617) Ningbo 2011}) 12. Rb1 Re8 13. Qc2 Bf8 14. b3 {[%emt 0:07:18] [#]} Bd7 $146 ({Predecessor:} 14... Be6 15. c5 Bd5 16. b4 axb4 17. axb4 {0-1 (29) Panchenko,A (2430)-Ruban,V (2555) Sochi 1990 CBM 021 [Horn,Pe]}) 15. c5 Rc8 16. b4 axb4 17. axb4 b5 18. h4 h6 19. Nf1 Qc7 20. N1h2 Nge7 21. Bd2 Nd5 22. h5 Nf6 23. Qd1 Bf5 24. Rb3 Qd7 25. Nh4 Bh7 26. Ra3 e4 27. dxe4 Nxe4 28. Bxe4 (28. Qg4 $11 {remains equal.} Qxg4 29. Nxg4) 28... Bxe4 29. Ng2 Bh7 30. Rxe8 Rxe8 31. Nf4 Ne5 32. Ra6 Be4 33. f3 Bb7 34. Ra7 $19 Qc6 35. Kf2 d3 36. Ra2 Nc4 37. Qb3 Ne5 38. Qd1 Nc4 39. Qb3 Qf6 40. Qc3 Ne5 41. Ra1 g5 42. hxg6 fxg6 43. Re1 Bg7 44. Qb3+ Qf7 45. Qxf7+ Kxf7 46. Bc3 Rd8 47. Rd1 Nxf3 48. Nxf3 Bxc3 49. Rxd3 Rxd3 50. Nxd3 Be4 51. Nfe1 Bd4+ 52. Ke2 Kf6 53. Nc2 Bg1 54. Ne3 h5 55. Nf2 Bc6 56. Nh3 Bxe3 57. Kxe3 g5 58. Ng1 h4 59. gxh4 gxh4 60. Kf4 Ke6 61. Nf3 Kd5 62. Nxh4 Kc4 {[%emt 0:00:10] Ke4} 1/2-1/2

[Event "SVK ECo-C Extraliga 2018-19"]
[Site "Slovakia"]
[Date "2018.11.10"]
[Round "1"]
[White "Banas, Kamil"]
[Black "Magat, Jozef"]
[Result "0-1"]
[ECO "B06"]
[WhiteElo "2255"]
[BlackElo "2112"]
[Annotator "NA"]
[PlyCount "118"]
[EventDate "2018.11.10"]
[EventType "team-tourn"]
[EventCountry "SVK"]
[SourceTitle "playchess.com"]
[Source "ChessBase"]
[SourceQuality "1"]
[WhiteTeam "Modra"]
[BlackTeam "Dunajov"]
[TimeControl "40/5400+30:1800+30"]

1. e4 g6 2. d4 Bg7 3. Nc3 d6 4. f4 c5 5. d5 a6 {[%emt 0:04:41] A43: Alt-Benoni} (5... Nf6 6. Nf3 O-O 7. Bd3 e6 8. O-O exd5 9. exd5 Na6 10. h3 Nb4 11. Bc4 Bf5 12. Rf2 Ne4 13. Nxe4 Bxe4 14. Ng5 b5 15. Bxb5 Bxd5 16. c3 Qb6 17. Be2 {½-½ (41) Cioara,A (2477)-Chatalbashev,B (2570) Plovdiv 2012}) 6. a4 e6 {[%emt 0:01:05] LiveBook: 5 Games} 7. Nf3 Ne7 8. Bc4 Bxc3+ $146 ({Vorgänger:} 8... O-O 9. dxe6 Bxe6 10. Bxe6 fxe6 11. Ng5 Qd7 12. Qg4 e5 13. Qe6+ {½-½ (46) Jakel,W (2204)-Buchal,S (2338) Radebeul 2016}) 9. bxc3 exd5 10. Bxd5 Nxd5 11. Qxd5 Nc6 12. c4 Be6 13. Qd3 Qf6 (13... Qe7 $11) 14. Rb1 Nb4 (14... Qe7 $11 {keeps the balance.}) 15. Qd2 Qe7 16. Bb2 O-O 17. O-O f6 18. Qc3 Nc6 19. Ba1 Rab8 20. h3 Nb4 ({Black should try} 20... Qc7 $14) 21. Nd2 Rbe8 22. g4 Bd7 23. g5 Rf7 24. gxf6 Qe6 25. Rf3 (25. f5 $1 $16 gxf5 26. Rxf5) 25... Bxa4 26. f5 gxf5 27. Rxf5 Kh8 28. Rg5 Bxc2 29. Rxb4 cxb4 30. Qxc2 Qxh3 31. Nf1 b3 32. Qe2 Rg8 33. Qd2 Qe6 34. Rxg8+ Kxg8 35. Qe2 $2 (35. Qf4 $14) 35... Rxf6 36. Ng3 $2 (36. Bxf6 $15 Qxf6 37. Qd3) 36... Rg6 37. Kf2 Qh3 38. Qf3 Qh2+ 39. Qg2 Qxg2+ 40. Kxg2 Kf7 41. Kf3 a5 42. Bb2 a4 43. Ne2 Rg8 44. Nc3 Ra8 45. Nb5 Ra6 46. Ba3 Rc6 47. Ke3 Ke8 48. Kd3 Kd7 49. Bc1 h5 50. Bf4 h4 51. Bg5 h3 52. Bf4 Rb6 53. Kc3 Rc6 54. Kd3 Rc8 55. Kc3 Rf8 56. Bxd6 Rf3+ 57. Kb2 Rf2+ 58. Ka3 Ra2+ 59. Kb4 b2 0-1

[Event "SVK ECo-C Extraliga 2018-19"]
[Site "Slovakia"]
[Date "2018.11.10"]
[Round "1"]
[White "Zambor, Norbert"]
[Black "Motycakova, Monika"]
[Result "1/2-1/2"]
[ECO "C77"]
[WhiteElo "2253"]
[BlackElo "2148"]
[Annotator "NA"]
[PlyCount "43"]
[EventDate "2018.11.10"]
[EventType "team-tourn"]
[EventCountry "SVK"]
[SourceTitle "playchess.com"]
[Source "ChessBase"]
[SourceQuality "1"]
[WhiteTeam "Prakovce"]
[BlackTeam "Liptovska"]
[TimeControl "40/5400+30:1800+30"]

1. e4 e5 2. Nf3 Nc6 3. Bb5 a6 4. Ba4 Nf6 5. d4 exd4 6. O-O Be7 7. e5 Ne4 8. Nxd4 Nxd4 9. Qxd4 Nc5 10. Nc3 O-O 11. Bg5 Nxa4 12. Bxe7 Qxe7 ({Nicht} 12... Nxc3 $2 13. Qh4 $18) 13. Nxa4 {[%emt 0:00:47] LiveBook: 7 Games} b6 14. Nc3 Bb7 15. Rad1 Rfe8 $11 16. f4 Rad8 17. Nd5 Bxd5 18. Qxd5 d6 19. Rfe1 dxe5 20. Qxe5 Rxd1 21. Rxd1 Qxe5 22. fxe5 1/2-1/2

[Event "SVK ECo-C Extraliga 2018-19"]
[Site "Slovakia"]
[Date "2018.11.10"]
[Round "1"]
[White "Maslikova, Veronika"]
[Black "Privara, Igor"]
[Result "1-0"]
[ECO "B24"]
[WhiteElo "2249"]
[BlackElo "2207"]
[Annotator "NA"]
[PlyCount "85"]
[EventDate "2018.11.10"]
[EventType "team-tourn"]
[EventCountry "SVK"]
[SourceTitle "playchess.com"]
[Source "ChessBase"]
[SourceQuality "1"]
[WhiteTeam "Podhajska"]
[BlackTeam "Slovan"]
[TimeControl "40/5400+30:1800+30"]

1. e4 c5 2. Nc3 Nc6 3. Bb5 Nd4 4. Bc4 e6 5. Nge2 a6 {[%emt 0:01:47] B23: Closed Sicilian: Lines without g3} (5... Ne7 6. Nxd4 cxd4 7. Ne2 Nc6 8. O-O a6 9. d3 d5 10. exd5 exd5 11. Bb3 Bd6 12. Nf4 Bxf4 13. Bxf4 O-O 14. Qf3 Be6 15. Rfe1 {1-0 (58) Cornette,M (2611)-Lenic,L (2662) chess.com INT 2018}) 6. a4 Nf6 7. d3 d5 8. Ba2 Nxe2 9. Kxe2 $146 ({White should play Predecessor:} 9. Qxe2 $11 d4 10. Nb1 Qa5+ 11. Nd2 Qxa4 12. f4 {1-0 (34) Batchelor,G (1829)-Jones,S (2004) Sunningdale 2013}) 9... d4 10. Nb1 Bd7 11. Bg5 Be7 12. Nd2 O-O 13. Bb3 Qc7 14. a5 Bc6 15. Bh4 Rae8 16. Bg3 Bd6 17. Nc4 Bf4 18. Kf1 g6 19. Qe2 Nh5 20. Ba4 Bxa4 21. Rxa4 f5 22. e5 Bxg3 23. hxg3 f4 24. Nd6 Re7 25. Rh4 ({Better is} 25. g4 $11 Ng7 26. Ne4 Qxe5 27. Rc4) 25... fxg3 26. f3 Nf4 27. Qe4 Nd5 28. Kg1 Ne3 29. Rh3 $19 (29. Rh6 {keeps fighting.}) 29... Nf5 30. Nc4 Rd7 31. Ra3 Rd5 32. Rb3 Rf7 33. Rb6 Qd7 34. b3 Qe7 35. Qg4 Qf8 36. Rxe6 Qc8 37. Rb6 Qe8 38. Qe4 Rfd7 39. Rxb7 Rxe5 40. Nxe5 Rxb7 41. Qxb7 Qxe5 42. Qxh7+ Kf8 43. Qh8+ 1-0

[Event "SVK ECo-C Extraliga 2018-19"]
[Site "Slovakia"]
[Date "2018.11.10"]
[Round "1"]
[White "Karas, Marek"]
[Black "Vojtek, Vladimir"]
[Result "1/2-1/2"]
[ECO "A04"]
[WhiteElo "2224"]
[BlackElo "2316"]
[Annotator "NA"]
[PlyCount "146"]
[EventDate "2018.11.10"]
[EventType "team-tourn"]
[EventCountry "SVK"]
[SourceTitle "playchess.com"]
[Source "ChessBase"]
[SourceQuality "1"]
[WhiteTeam "Osuske"]
[BlackTeam "Dubnica"]
[TimeControl "40/5400+30:1800+30"]

1. Nf3 c5 2. g3 Nc6 3. c4 e6 4. Bg2 Nf6 5. O-O Be7 6. d4 cxd4 {[%emt 0:02:50] LiveBook: 102 Games} 7. Nxd4 O-O 8. Nc3 a6 9. b3 Qa5 10. Bb2 {[%emt 0:02:51] A33: Symmetrical English: 2 Nf3 Nf6 3 d4 cxd4 4 Nxd4 e6 5 Nc3 Nc6} Rb8 (10... Ba3 11. Bxa3 Qxa3 12. Na4 Rb8 13. c5 Qb4 14. Nc2 Qg4 15. Ne3 Qh5 16. Bf3 Qh3 17. Nb6 d5 {1-0 (34) Gonda,L (2510)-Marszalek,M (2289) Budapest 2018}) 11. a3 Nxd4 12. Qxd4 Qc5 ({Black should try} 12... b6 $14) 13. Qxc5 Bxc5 14. Na4 Be7 15. c5 b5 $146 ({Predecessor:} 15... Ne8 16. Rac1 d6 17. Rfd1 f6 18. cxd6 Bxd6 {1-0 (28) Boudy Bueno,J-Caro,A Camaguey 1974}) 16. Be5 Rb7 17. Bxb7 Bxb7 18. Nb6 Bxc5 19. Bxf6 Bxb6 20. Be7 Re8 21. Bd6 Bd5 22. Rab1 h5 23. Rfd1 Kh7 24. Kf1 g5 25. Be5 Kg6 26. b4 Rc8 27. Bd4 Bd8 28. Bc5 Bf6 29. Bd4 Be7 30. Rbc1 Bc6 31. f3 f6 32. Kf2 Rh8 33. e4 Bd8 34. Ke3 g4 35. Rf1 Rf8 36. Rc2 f5 37. exf5+ exf5 38. fxg4 hxg4 39. Re2 Bd5 40. Rfe1 Bf3 41. Rc2 Be4 42. Rce2 Bg5+ 43. Kf2 Rc8 44. Be3 Bf6 45. Rc1 Rh8 46. Kg1 $11 Be5 47. Bf2 Re8 48. Rd2 Bc6 49. Re2 Re6 50. Rce1 Be4 51. Rc1 d5 52. Rd2 Bf6 53. Be3 Bf3 54. Kf2 Be5 55. Bf4 Bf6 56. Be3 d4 57. Bxd4 Bg5 58. Rcc2 Bxd2 59. Rxd2 Be4 60. Bc5 Kf6 61. Rd8 Bf3 62. Be3 Rc6 63. Bc5 Re6 64. Rd6 Rxd6 65. Bxd6 Ke6 66. Bc5 Be4 67. Bb6 Kd5 68. Ke3 Kc4 69. Kd2 Kb3 70. Ba5 Kxa3 71. Kc3 Ka2 72. Bc7 Ka3 73. Ba5 Ka2 1/2-1/2

[Event "SVK ECo-C Extraliga 2018-19"]
[Site "Slovakia"]
[Date "2018.11.10"]
[Round "1"]
[White "Bombek, Peter"]
[Black "Gasa, Patrik"]
[Result "1/2-1/2"]
[ECO "D02"]
[WhiteElo "2217"]
[BlackElo "2177"]
[Annotator "NA"]
[PlyCount "50"]
[EventDate "2018.11.10"]
[EventType "team-tourn"]
[EventCountry "SVK"]
[SourceTitle "playchess.com"]
[Source "ChessBase"]
[SourceQuality "1"]
[WhiteTeam "Dubnica"]
[BlackTeam "Osuske"]
[TimeControl "40/5400+30:1800+30"]

1. d4 d5 2. Nf3 Nf6 3. c4 e6 4. e3 a6 {[%emt 0:00:07] LiveBook: 565 Games} 5. b3 {[%emt 0:01:52] D30: Queen's Gambit Declined: Systems without Nc3} c5 (5... dxc4 6. bxc4 c5 7. Bd3 cxd4 8. exd4 Bb4+ 9. Nbd2 O-O 10. Bb2 b5 11. c5 Bxc5 12. Bxh7+ Nxh7 13. dxc5 {½-½ (30) Artemiev,V (2706)-Rakhmanov,A (2634) Sochi 2018}) 6. Be2 Nc6 7. O-O Be7 8. Bb2 O-O 9. dxc5 dxc4 10. Bxc4 Bxc5 11. Be2 $146 ({Predecessor:} 11. Nbd2 Be7 12. Nd4 Nxd4 13. Bxd4 b5 14. Be2 Bb7 15. Bf3 Bxf3 16. Nxf3 Nd5 {½-½ (16) Hernando Pertierra,J (2355)-Martin Duque,J (2376) San Sebastian 2017}) 11... Qe7 12. Nbd2 Rd8 13. Rc1 Ba3 14. Qc2 Bd7 15. Nc4 Bxb2 16. Qxb2 Nd5 17. Nfe5 Nxe5 18. Nxe5 Bb5 19. Rfd1 Bxe2 20. Qxe2 Rac8 $11 21. g3 Nc3 22. Qc2 Rxd1+ 23. Rxd1 Qc7 24. Rd4 b5 25. Nd3 g6 1/2-1/2

[Event "SVK ECo-C Extraliga 2018-19"]
[Site "Slovakia"]
[Date "2018.11.10"]
[Round "1"]
[White "Kostelny, Jozef"]
[Black "Fiacan, Robert"]
[Result "0-1"]
[ECO "A80"]
[WhiteElo "2211"]
[BlackElo "2213"]
[Annotator "NA"]
[PlyCount "100"]
[EventDate "2018.11.10"]
[EventType "team-tourn"]
[EventCountry "SVK"]
[SourceTitle "playchess.com"]
[Source "ChessBase"]
[SourceQuality "1"]
[WhiteTeam "Zilina"]
[BlackTeam "Snina"]
[TimeControl "40/5400+30:1800+30"]

1. d4 f5 2. Nf3 Nf6 3. g3 g6 4. Bg2 Bg7 5. O-O O-O 6. b3 d6 7. Bb2 Qe8 8. c4 e5 9. dxe5 Ng4 {[%emt 0:00:11] LiveBook: 25 Games} 10. Nbd2 Nc6 11. a3 $146 {[%emt 0:27:53] A87: Dutch Defence: Leningrad System: 5 Nf3} (11. Ba3 $14) ({Predecessor:} 11. Qc2 dxe5 12. e4 f4 13. Ba3 fxg3 14. fxg3 Ne3 15. Qc3 Nxf1 {0-1 (15) O'Reilly,S (1998)-Wang,P (2317) Las Vegas 2010}) 11... dxe5 12. e4 fxe4 (12... f4 $15) 13. Nxe4 Bf5 14. Re1 Rd8 15. Qe2 Nd4 16. Nxd4 exd4 17. h3 {[%emt 0:09:47] [#]} (17. Rad1 $11 {remains equal.}) 17... Ne3 $1 18. Qd3 Nxg2 19. Kxg2 Qf7 20. f3 b6 21. Re2 c5 22. Rae1 Bh6 23. Bc1 Bxc1 24. Rxc1 a5 25. a4 Qg7 26. Rce1 h6 27. g4 Bc8 28. Nd2 Bb7 29. Re6 Rf6 30. Re7 Rf7 $11 31. R7e6 Kh7 32. h4 Rdf8 33. h5 Rf6 34. Re7 R8f7 35. Rxf7 Qxf7 36. Re5 Kg7 37. hxg6 Qxg6 38. Qe2 Qxg4+ 39. Kf2 Qh4+ 40. Kf1 Qh1+ 41. Kf2 Qh2+ 42. Kf1 Qxe2+ 43. Kxe2 Kf7 44. Kf2 Re6 45. Rf5+ Kg7 46. Rf4 d3 47. Ne4 Bxe4 48. fxe4 Rf6 49. Rxf6 Kxf6 50. Ke3 Ke5 0-1

[Event "SVK ECo-C Extraliga 2018-19"]
[Site "Slovakia"]
[Date "2018.11.10"]
[Round "1"]
[White "Kantorik, Marian"]
[Black "Schwarz, Dusan"]
[Result "0-1"]
[ECO "D44"]
[WhiteElo "2209"]
[BlackElo "2313"]
[Annotator "NA"]
[PlyCount "68"]
[EventDate "2018.11.10"]
[EventType "team-tourn"]
[EventCountry "SVK"]
[SourceTitle "playchess.com"]
[Source "ChessBase"]
[SourceQuality "1"]
[WhiteTeam "Dunajov"]
[BlackTeam "Modra"]
[TimeControl "40/5400+30:1800+30"]

1. d4 d5 2. c4 c6 3. Nf3 Nf6 4. Nc3 e6 5. Bg5 dxc4 6. e4 b5 7. e5 h6 8. Bh4 g5 9. exf6 gxh4 10. Ne5 Qxf6 11. g3 Nd7 12. Qe2 Nxe5 {[%emt 0:02:58] D44: Damengambit (Botwinnik-Variante)} 13. dxe5 Qe7 ({Better is} 13... Qg5 $15) 14. Bg2 Bb7 {[%emt 0:01:02] LiveBook: 10 Games} 15. a4 (15. O-O-O $11 {keeps the balance.}) 15... Bg7 16. O-O O-O 17. f4 $146 ({Vorgänger:} 17. Qh5 hxg3 18. hxg3 a6 19. Ne4 Rab8 20. Rfe1 {½-½ (59) Perez Rodriguez,L (2475)-Rojas Barrero,A (2249) Silvania 2011}) 17... hxg3 18. hxg3 a6 19. Ne4 c5 20. f5 {[%emt 0:16:42] [#]} (20. Qg4 $15) 20... exf5 $1 ({Aber nicht} 20... Bxe5 $2 21. f6 $18) 21. Rxf5 Bxe4 22. Bxe4 Rad8 23. Raf1 (23. axb5 $15 axb5 24. Ra6) 23... Rd4 ({But not} 23... Bxe5 $2 {[#]} 24. Rxe5 $1 Qd6 25. axb5 $3 $18 ) 24. Qf3 Qe6 25. Rh5 (25. Rf2 $17 {was called for.}) 25... Bxe5 $17 ({Black should try} 25... bxa4 $19 26. Qe2 Rb8) 26. Bf5 (26. Re1 $142 Kg7 27. Bc2) 26... Qd6 27. Re1 Bg7 28. Be4 Rd8 29. Rf5 Rd1 30. Rxd1 Qxd1+ 31. Qxd1 Rxd1+ 32. Kf2 Bxb2 33. Ke2 Rd4 34. Bd5 bxa4 0-1

[Event "SVK ECo-C Extraliga 2018-19"]
[Site "Slovakia"]
[Date "2018.11.10"]
[Round "1"]
[White "Jozefek, Michal"]
[Black "Walter, Szymon"]
[Result "0-1"]
[ECO "E33"]
[WhiteElo "2207"]
[BlackElo "2322"]
[Annotator "NA"]
[PlyCount "108"]
[EventDate "2018.11.10"]
[EventType "team-tourn"]
[EventCountry "SVK"]
[SourceTitle "playchess.com"]
[Source "ChessBase"]
[SourceQuality "1"]
[WhiteTeam "Osuske"]
[BlackTeam "Dubnica"]
[TimeControl "40/5400+30:1800+30"]

1. d4 Nf6 2. c4 e6 3. Nc3 Bb4 4. Qc2 Nc6 5. Nf3 {[%emt 0:02:32] LiveBook: 1173 Games} d6 6. Bg5 h6 7. Bxf6 Qxf6 8. a3 {[%emt 0:03:27] E33: Nimzo-Indian: Classical: 4...Nc6} Bxc3+ 9. Qxc3 e5 10. dxe5 dxe5 11. e3 Bf5 $146 ({Predecessor:} 11... O-O 12. Bd3 Bh3 13. O-O Qe6 14. Nd2 Bf5 15. Ne4 Qg6 {0-1 (53) Hamilton,R (2251)-Rozentalis,E (2619) Montreal 2013}) 12. Rd1 O-O 13. Be2 Rad8 14. O-O g5 15. b4 g4 16. Nd2 Qg6 17. Nb3 Bc2 18. Rd5 Be4 19. Rxd8 Rxd8 20. b5 Bf3 21. Nc1 Bxe2 22. Nxe2 Rd3 23. Qb2 Na5 24. Qxe5 Qd6 25. Qe8+ Kg7 26. Ng3 Qc5 27. e4 Nxc4 28. Nf5+ Kf6 29. Qh8+ Ke6 30. Qxh6+ Kd7 31. a4 Nd2 32. Re1 Qc3 33. Kh1 ({Better is} 33. Nh4 $1 $15 Nxe4 34. Rf1) 33... Nxe4 34. Rc1 Nxf2+ 35. Kg1 Qxc1+ 36. Qxc1 Rd1+ 37. Qxd1+ Nxd1 38. Nh6 Ke6 39. Nxg4 f5 40. Nf2 Nc3 41. Nd3 Nxa4 42. Kf2 Kf6 43. Ke3 Nc3 44. b6 cxb6 45. Kd4 Nb5+ 46. Kd5 Nc3+ $11 ({Black should play} 46... Nc7+ $19 47. Kd4 Ne6+ 48. Kc3 a6) 47. Kd4 Ne4 48. h4 Nc5 49. Nb2 Ne6+ 50. Ke3 b5 51. g3 a5 52. Kd3 Ke5 53. Ke3 f4+ 54. gxf4+ Nxf4 {[%emt 0:00:00] Kd4+} 0-1

[Event "SVK ECo-C Extraliga 2018-19"]
[Site "Slovakia"]
[Date "2018.11.10"]
[Round "1"]
[White "Hros, Roman"]
[Black "Jacko, Vladimir"]
[Result "1-0"]
[ECO "A05"]
[WhiteElo "2191"]
[BlackElo "2330"]
[Annotator "NA"]
[PlyCount "79"]
[EventDate "2018.11.10"]
[EventType "team-tourn"]
[EventCountry "SVK"]
[SourceTitle "playchess.com"]
[Source "ChessBase"]
[SourceQuality "1"]
[WhiteTeam "Liptovska"]
[BlackTeam "Prakovce"]
[TimeControl "40/5400+30:1800+30"]

1. Nf3 Nf6 2. c4 d6 3. d4 g6 4. Nc3 Bf5 5. h3 {[%emt 0:04:36] LiveBook: 92 Games} Bg7 {[%emt 0:10:40] E61: King's Indian: Early deviations for White, including Smyslov System} (5... Ne4 6. Nxe4 Bxe4 7. Ng5 Bf5 8. e4 Bd7 9. Be3 Bg7 10. Qd2 e5 11. Nf3 Nc6 12. d5 Ne7 13. g4 {1-0 (58) Eljanov,P (2706)-Moussard,J (2559) Biel 2018}) 6. g4 Be6 7. Bg2 c6 8. b3 $146 ({Predecessor:} 8. d5 cxd5 9. cxd5 Bd7 10. Bf4 O-O 11. O-O Na6 12. a3 Nc5 {0-1 (41) Rychlik,H-Szczepanski,H Krakow 1998}) 8... d5 9. Ng5 Bc8 10. Bb2 h6 11. Nf3 Be6 12. Ne5 Nbd7 13. f4 dxc4 14. bxc4 Nb6 15. Qd3 Qc7 16. Rc1 Rd8 17. d5 O-O 18. e4 Bc8 19. O-O Nfd7 20. Nxd7 Bxd7 21. e5 Bc8 22. Qe2 cxd5 23. cxd5 Nc4 24. Nb5 Qb6+ 25. Bd4 Qxb5 26. Qxc4 Bd7 27. Qxb5 Bxb5 28. Rf2 e6 29. d6 b6 30. Bb2 $18 f6 31. Rc7 fxe5 32. Bxe5 Rd7 33. Rxd7 Bxd7 34. Rc2 Bb5 35. Rc7 Rf7 36. Rc8+ Rf8 37. Rc7 Rf7 38. Be4 g5 39. Bh7+ Kf8 40. Rc8+ 1-0

[Event "SVK ECo-C Extraliga 2018-19"]
[Site "Slovakia"]
[Date "2018.11.10"]
[Round "1"]
[White "Macko, Michal"]
[Black "Kusiak, Matej"]
[Result "0-1"]
[ECO "B07"]
[WhiteElo "2178"]
[BlackElo "2263"]
[Annotator "NA"]
[PlyCount "68"]
[EventDate "2018.11.10"]
[EventType "team-tourn"]
[EventCountry "SVK"]
[SourceTitle "playchess.com"]
[Source "ChessBase"]
[SourceQuality "1"]
[WhiteTeam "Liptovska"]
[BlackTeam "Prakovce"]
[TimeControl "40/5400+30:1800+30"]

1. e4 d6 2. d4 Nf6 3. Nc3 Nc6 4. h3 e5 5. Nf3 exd4 {[%emt 0:01:22] C42: Petroff Defence: 3 Nxe5 and unusual White 3rd moves} (5... Be7 6. d5 Nb8 7. g3 O-O 8. Bg2 c6 9. dxc6 bxc6 10. O-O Nbd7 11. b3 Nc5 12. Re1 Re8 13. Bb2 {1-0 (142) Ter Sahakyan,S (2574)-Petrosian,T (2654) Yerevan 2014}) 6. Nxd4 Be7 7. Be3 O-O 8. Qd2 d5 9. exd5 Nxd5 10. Nxd5 $146 Qxd5 11. Nb5 Qe5 12. O-O-O {[%emt 0:08:11] [#]} (12. Bd3 $15) 12... Rd8 $1 13. Qc3 Rxd1+ 14. Kxd1 Qd5+ 15. Qd2 Qxa2 16. Nxc7 Rb8 17. Nd5 Be6 18. Nxe7+ Nxe7 19. b3 Rc8 20. Bd3 Bxb3 21. cxb3 (21. Bd4 $17 {is a better defense.} Bd5 22. Re1) 21... Qa1+ 22. Ke2 Qxh1 23. Qb4 Nd5 24. Qxb7 Rd8 25. Be4 Nc3+ 26. Kf3 Qd1+ 27. Kg3 Nxe4+ 28. Qxe4 Qxb3 29. Kh2 a5 30. Qe7 $19 Qd5 31. Bb6 Ra8 32. f4 a4 33. Bc5 h6 34. Bd6 Rc8 0-1

[Event "SVK ECo-C Extraliga 2018-19"]
[Site "Slovakia"]
[Date "2018.11.10"]
[Round "1"]
[White "Pcola, Jaroslav"]
[Black "Zvarik, Martin"]
[Result "1/2-1/2"]
[ECO "C50"]
[WhiteElo "2113"]
[BlackElo "2329"]
[Annotator "NA"]
[PlyCount "69"]
[EventDate "2018.11.10"]
[EventType "team-tourn"]
[EventCountry "SVK"]
[SourceTitle "playchess.com"]
[Source "ChessBase"]
[SourceQuality "1"]
[WhiteTeam "Snina"]
[BlackTeam "Zilina"]
[TimeControl "40/5400+30:1800+30"]

1. e4 e5 2. Nf3 Nc6 3. Bc4 Be7 4. O-O d6 5. c3 Nf6 6. d3 O-O 7. a4 {[%emt 0:04:05] LiveBook: 47 Games C55: Two Knights: 4 d3, 4 d4 exd4 5 e5 and Max Lange Attack} (7. Bb3 Na5 8. Bc2 c5 9. h3 Nc6 10. Re1 Qc7 11. Nbd2 Be6 12. Nf1 Nd7 13. Ng5 Bxg5 14. Bxg5 d5 15. exd5 Bxd5 16. Ne3 Be6 17. Qh5 Rfe8 18. b4 Nf8 19. bxc5 Qa5 20. d4 exd4 21. cxd4 Nxd4 22. Bf4 Nxc2 23. Nxc2 Qa4 {0-1 (23) Bortnyk,O (2588)-Wang,H (2712) Abu Dhabi 2016}) 7... Qe8 8. Re1 $146 ({Predecessor:} 8. Qb3 Nd7 9. Be3 Kh8 10. Nbd2 Bf6 11. Rfe1 Nd8 12. d4 Ne6 13. Nf1 Rg8 14. Ng3 Ndf8 {1-0 (28) Najer,E (2606)-Odinokov,N (2325) Sochi 2004}) 8... Bd8 9. a5 Ne7 10. Nbd2 c6 11. Nf1 Kh8 12. Bb3 Bc7 13. Ng3 Nfg8 (13... Qd8 $14) 14. d4 Ng6 15. dxe5 dxe5 16. Bc4 Nf4 (16... Bg4 $14) 17. Qb3 Qe7 (17... Nh6 $14) 18. Be3 Nh6 19. Qa3 Bd6 20. b4 Ng4 21. Bc5 Bxc5 22. bxc5 f5 23. h3 fxe4 24. Rxe4 Nxh3+ 25. gxh3 Rxf3 26. hxg4 Qh4 27. Bf1 Bxg4 28. Bg2 Rxf2 29. Kxf2 Qh2 $18 (29... Rf8+ 30. Kg1 Qxg3) 30. Rxg4 Rf8+ 31. Ke3 Qxg2 32. Rf1 Rxf1 33. Nxf1 Qxg4 34. Qb3 Qg1+ 35. Ke4 1/2-1/2